 Dungeon Crawl Stone Soup version 0.28-a0-1286-g6bde065e89 (webtiles) character file.

Game seed: 17643217980648725045

325 bearlyready the Chucker (level 6, -7/57 HPs)
             Began as a Minotaur Hunter on Dec 26, 2021.
             Mangled by Ijyb (10 damage)
             ... on level 3 of the Dungeon.
             The game lasted 00:03:23 (2376 turns).

bearlyready the Chucker (Minotaur Hunter)           Turns: 2376, Time: 00:03:24

Health: -7/57      AC:  0    Str: 16 (18) XL:     6   Next: 24%
Magic:  5/5        EV: 14    Int:  3 (6)  God:
Gold:   151        SH:  0    Dex: 12 (13) Spells: 5/5 levels left

rFire   . . .      SeeInvis .   (weapon currently unavailable)
rCold   . . .      Faith    .   (shield currently unavailable)
rNeg    . . .      Spirit   .   (armour currently unavailable)
rPois   .          Reflect  .   (helmet currently unavailable)
rElec   .          Harm     .   (cloak currently unavailable)
rCorr   .          Rampage  .   (gloves currently unavailable)
Will    .....                   (boots currently unavailable)
Stlth   +.........              (no amulet)
HPRegen 0.19/turn               (ring currently unavailable)
MPRegen 0.09/turn               (ring currently unavailable)

@: mighty, pig-form (expiring), flying, invisible, very quick
A: fast, no casting, small, (horns 2), (retaliatory headbutt), (claws 1), dopey
1, strong 1
a: no special abilities


You were on level 3 of the Dungeon.
You were a filthy swine.
You visited 1 branch of the dungeon, and saw 3 of its levels.

You collected 151 gold pieces.

Inventory:

Hand Weapons
 a - a +0 short sword
 f - a +2 dagger of draining (melded)
Missiles
 c - 6 javelins
 d - 2 throwing nets
 j - 13 poisoned darts (quivered)
 m - 2 silver javelins
 q - 4 boomerangs
Armour
 b - a +0 leather armour
 n - a +0 plate armour (melded)
Jewellery
 i - an amulet of magic regeneration
Wands
 e - a wand of flame (10)
Scrolls
 g - 4 scrolls of identify {unknown}
 h - a scroll of silence {unknown}
 r - a scroll of vulnerability {unknown}


   Skills:
 + Level 5.9 Fighting
 + Level 6.0 Throwing
 - Level 2.1 Dodging
 - Level 0.7 Stealth


You had 5 spell levels left.
You didn't know any spells.
Your spell library contained the following spells:

 Spells                   Type           Power      Damage    Failure   Level
 Ensorcelled Hibernation  Hex/Ice        0%         N/A       67%         2
 Call Canine Familiar     Summ           0%         N/A       88%         3
 Portal Projectile        Hex/Tloc       0%         N/A       88%         3
 Spider Form              Tmut/Pois      0%         N/A       88%         3
 Leda's Liquefaction      Hex/Erth       0%         N/A       99%         4
 Summon Forest            Summ/Tloc      0%         N/A       100%        5
 Summon Mana Viper        Hex/Summ       0%         N/A       100%        5
 Summon Cactus Giant      Summ           0%         N/A       100%        6


Dungeon Overview and Level Annotations

Branches:
Dungeon (3/15)

Altars:

Annotations:
D:3 Ijyb


Innate Abilities, Weirdness & Mutations

You are a filthy swine.
You move quickly.
Your equipment is almost entirely melded.
You are incapable of wielding weapons or throwing items.
You cannot cast spells.
((You have a pair of horns on your head.))
((You reflexively headbutt those who attack you in melee.))
((You have sharp fingernails.))
You are dopey. (Int -2)
Your muscles are strong. (Str +2)


Message History

You barely miss Ijyb.
Ijyb is lightly wounded.
Ijyb closely misses you.
You hit Ijyb but do no damage.
Ijyb is lightly wounded.
You barely miss Ijyb.
Ijyb is lightly wounded.
Ijyb zaps a wand.
You resist with some effort.
You hit Ijyb but do no damage.
Ijyb is lightly wounded.
Ijyb zaps a wand.
You resist with some effort.
The now-empty wand crumbles to dust.
You closely miss Ijyb.
Ijyb is lightly wounded.
Ijyb hits you with a +6 club.
Aiming: Throw Flame
Press: ? - help, Shift-Dir - straight line, f - Ijyb
Aim: Ijyb, wielding a +6 club and wearing a +3 leather armour of poison resistance (lightly wounded, 60% to hit)
The puff of flame hits Ijyb but does no damage.
Ijyb is lightly wounded.
Ijyb hits you with a +6 club.
You feel very mighty all of a sudden.
Your transformation is almost over.
Ijyb hits you with a +6 club!
* * * LOW HITPOINT WARNING * * *
You hit Ijyb.
Ijyb is moderately wounded.
Ijyb hits you with a +6 club.
* * * LOW HITPOINT WARNING * * *
It was a potion of degeneration.
There was something very wrong with that liquid.
You feel weakened.
You feel dopey.
You feel clumsy. Ijyb barely misses you.
It was a potion of flight.
You feel very buoyant.
You fly up into the air.
Ijyb hits you with a +6 club!
* * * LOW HITPOINT WARNING * * *
It was a potion of invisibility.
You fade into invisibility!
Ijyb hits you with a +6 club!
You die...

#... #... #... ########
#... #....(.# #...
#......# ##...
####......# ####....
.......?..#######...)...
......gh........#.###)..
##....#########.....)###
#.... ## ###.##.... ..##
..## #.###### . ...# #.#
#### #..####.###...
#..#..<##....
#.#.###..... ##### #...#
#.....


You could see Ijyb.

Vanquished Creatures
  Grinder (D:3)
  Jessica (D:2)
  An orc wizard (D:3)
  3 adders
  A worm (D:2)
  2 dart slugs
  4 orcs (D:3)
  5 endoplasms
  3 giant cockroaches
  5 hobgoblins
  2 jackals (D:1)
  6 kobolds
  2 quokkas
  2 ball pythons
  4 bats
  4 frilled lizards
  2 goblins (D:1)
  A rat (D:1)
49 creatures vanquished.

Notes
Turn   | Place    | Note
-------+----------+-------------------------------------------
     0 | D:1      | bearlyready the Minotaur Hunter began the quest for the
                  | Orb.
     0 | D:1      | Reached XP level 1. HP: 18/18 MP: 0/0
   161 | D:1      | Reached XP level 2. HP: 19/25 MP: 1/1
   647 | D:2      | Noticed Jessica
   648 | D:2      | Found a faded altar of an unknown god.
   659 | D:2      | Reached XP level 3. HP: 30/31 MP: 2/2
   661 | D:2      | Killed Jessica
   986 | D:2      | Reached XP level 4. HP: 40/40 MP: 3/3
  1470 | D:3      | Reached skill level 5 in Throwing
  1688 | D:3      | Noticed Grinder
  1697 | D:3      | Paralysed by Grinder for 5 turns
  1708 | D:3      | Paralysed by Grinder for 5 turns
  1723 | D:3      | Gained mutation: You have sharp fingernails. [potion of
                  | mutation]
  1723 | D:3      | Gained mutation: You are dopey. (Int -2) [potion of
                  | mutation]
  1723 | D:3      | Gained mutation: Your muscles are strong. (Str +2) [potion
                  | of mutation]
  1723 | D:3      | Paralysed by Grinder for 5 turns
  1727 | D:3      | HP: 1/41 [Grinder (2)]
  1730 | D:3      | Killed Grinder
  1731 | D:3      | Reached skill level 5 in Fighting
  1731 | D:3      | Reached XP level 5. HP: 8/50 MP: 4/4
  1731 | D:3      | Reached XP level 6. HP: 9/57 MP: 5/5
  2198 | D:3      | Reached skill level 6 in Throwing
  2352 | D:3      | Noticed Ijyb
  2376 | D:3      | Mangled by Ijyb

Illustrated notes

Levels and vault maps discovered:
D:1:      scummos_arrival_forest, layout_rooms, serial_rivers,
          chequers_serial_rivers_micro_e, chequers_serial_rivers_small_b,
          chequers_serial_rivers_micro_a, chequers_serial_rivers_micro_b,
          chequers_serial_rivers_room_b
D:2:      layout_basic, chequers_ecumenical_altar_simple,
          kennysheep_generic_room_3, uniq_jessica
D:3:      layout_rooms, uniq_ijyb, uniq_grinder

Skill      XL: |  1  2  3  4  5  6 |
---------------+-------------------+-----
Fighting       | 3 4 5 |  5.9
Throwing       | 5 6 |  6.0
Dodging        | |  2.1
Stealth        | |  0.7

Action                   |  1- 3 |  4- 6 || total
-------------------------+-------+-------++-------
Melee: Dagger            |    47 |    63 ||   110
       Short sword       |     9 |       ||     9
       Headbutt          |     9 |     9 ||    18
       Unarmed           |       |    16 ||    16
Throw: Dart              |       |    13 ||    13
Evoke: Wand              |       |     1 ||     1
  Use: Potion            |       |     7 ||     7
Armor: Leather armour    |    19 |       ||    19
       Plate armour      |       |    46 ||    46
Dodge: Dodged            |    28 |    28 ||    56

Table legend: (Time is in decaauts)
 A = Elapsed time spent in this place.
 B = Non-inter-level travel time spent in this place.
 C = Inter-level travel time spent in this place.
 D = Time resting spent in this place.
 E = Time spent auto-exploring this place.
 F = Levels seen in this place.
 G = Mean time per level.
                   A        B        C        D        E       F      G
               +--------+--------+--------+--------+--------+-----+--------+
         Total |   2371 |   2313 |     58 |      0 |   1909 |   3 |  790.3 |
       Dungeon |   2371 |   2313 |     58 |      0 |   1909 |   3 |  790.3 |
               +--------+--------+--------+--------+--------+-----+--------+

Top non-repeatable levels by time:
     D:3: 914 daAuts
     D:2: 817 daAuts
     D:1: 639 daAuts
